AoeStats
← blueshell

Runestones

508116779Analyzed
1v1 RM · 12d ago on Sep 21, 2026· 35m 54s· 2 players
Game mode
Random Map
Map size
Tiny (2 player)
Population
200
Speed
Normal
Resources
Standard
Victory
Conquest
Starting age
Dark Age
Ending age
Imperial Age
RankedLock teamsTeams togetherTeam positionsShared explorationLock speedFull tech treeHidden civsTurbo modeCheats
Victory
Defeat
🇺🇸 Teutons · United States
784
+14
🇺🇸 Italians · United States
749
-14
blueshell
10:03 Feudal Age
10:43 Double-Bit Axe
10:51 Stone Mining
15:45 Wheelbarrow
19:37 Fletching
21:59 Castle Age
19:53 Fletching
21:12 Padded Archer Armor
21:53 Scale Mail Armor
21:56 Town Watch
22:06 Pikeman
23:51 Squires
23:19 Elite Skirmisher
24:41 Arson
26:52 Crossbowman
29:32 Hand Cart
34:30 Bodkin Arrow
35:52 Leather Archer Armor
McDadiJorbor
7:18 Loom
10:47 Feudal Age
11:24 Double-Bit Axe
16:24 Forging
19:03 Horse Collar
22:03 Castle Age
19:53 Man-at-Arms
21:03 Fletching
22:57 Bow Saw
23:02 Long Swordsman
24:25 Scale Mail Armor
24:51 Squires
24:43 Elite Skirmisher
25:15 Gambesons
26:23 Bodkin Arrow
29:08 Chain Mail Armor
28:41 Gambesons
32:20 Wheelbarrow
33:04 Padded Archer Armor
36:00 Imperial Age
34:00 Ballistics
Connection lost

Rejoining the realm…

Still unreachable

The connection could not be restored.

Session expired

The server has moved on; the page needs a fresh start.